 Dungeon Crawl Stone Soup version 0.31-a0-188-g5e087ee2ca (webtiles) character file.

Game seed: 15613701677515520187

126 qw the Skirmisher (level 4, -5/25 HPs)
             Began as a Deep Elf Hunter on June 23, 2023.
             Slain by an ogre
             ... wielding a +0 giant club
              (23 damage)
             ... on level 3 of the Dungeon.
             The game lasted 00:00:38 (1902 turns).

qw the Skirmisher (Deep Elf Hunter)                 Turns: 1902, Time: 00:00:39

Health: -5/25      AC:  6    Str: 16    XL:     4   Next: 84%
Magic:  5/5        EV: 10    Int: 14    God:
Gold:   137        SH:  0    Dex: 18    Spells: 3/3 levels left

rFire   + . .        Y - +0 shortbow
rCold   . . .        (shield currently unavailable)
rNeg    . . .        l - +0 scale mail
rPois   .            (no helmet)
rElec   .            (no cloak)
rCorr   .            (no gloves)
SInv    .            (no boots)
Will    .....        (no amulet)
Stlth   +            f - ring of protection from fire
HPRegen 0.24/turn    b - +6 ring of strength
MPRegen 0.09/turn

%: clarity
@: no status effects
A: clarity, low MP 1, subdued magic 1
a: no special abilities


You were on level 3 of the Dungeon.
You visited 1 branch of the dungeon, and saw 3 of its levels.

You collected 137 gold pieces.


Innate Abilities, Weirdness & Mutations

You possess an exceptional clarity of mind.
Your magical capacity is low. (-10% MP)
Your spells are a little easier to cast, but a little less powerful.


   Skills:
 - Level 1.5 Fighting
 + Level 8.2 Ranged Weapons
 - Level 2.4 Dodging
 - Level 1.2 Stealth


You had 3 spell levels left.
You didn't know any spells.
Your spell library was empty.

Inventory:

Hand Weapons
 Y - a +0 shortbow (weapon)
Armour
 c - a +1 pair of gloves
 l - a +0 scale mail (worn)
Jewellery
 a - a ring of magical power
 b - a +6 ring of strength (right hand)
 f - a ring of protection from fire (left hand)
 j - the ring of Ustruh {rN+ MP+9}
   (You found it on level 2 of the Dungeon)

   [ring of magical power]

   rN:        It protects you from negative energy.
   MP:        It affects your magic capacity (+9).
Scrolls
 k - a scroll of revelation {unknown}
Potions
 d - 2 potions of heal wounds
 e - a potion of magic {unknown}
 g - a potion of curing {unknown}
 h - a potion of ambrosia {unknown}
 i - a potion of mutation

Dungeon Overview and Level Annotations

Branches:
Dungeon (3/15)

Altars:


Message History

You open the door.
There is an open door here.
Found a stone staircase leading down.
Enter note:
Enter note:
Enter note:
Enter note: You see here a scroll of blinking.
k - a scroll labelled CAIN OXTYSAE
Enter note:
Enter note:
Enter note:
Enter note: You see here a scroll of blinking.
An ogre comes into view. It is wielding a +0 giant club.
The ogre shouts!
The ogre moves out of view.
Enter note:
Enter note:
Enter note:
Enter note:
Enter note:
Enter note:
Found a scroll of identify.
Enter note:
Enter note:
Enter note:
Enter note:
Enter note:
Enter note: You shoot an arrow.
The arrow hits the ogre.
The ogre is lightly wounded.
You shoot an arrow. The arrow hits the ogre.
The ogre is lightly wounded.
The ogre hits you with a +0 giant club!
You shoot an arrow. The arrow hits the ogre.
The ogre is moderately wounded.
The ogre hits you with a +0 giant club!!
Ouch! That really hurt!
You die...

.###....#.....#
###.####.##### .
#....#.....# #.#.....#
. ######....>#
#.#..#>.# . ##.....#
#....#..###
#.....#######.#.......#
......#......#####..#.#
......................#
#.....#......#######..#
#.....O@.....'.....#..#
#............#####.#..#
#..........[.# #.#..#
#.....#......# #.#..#
#.....#......# #.#..#
#?....#......# #.#..#
#.... #......# #.#..#
...## ######## #.####
#.#


You could see an ogre.

Vanquished Creatures
  An orc priest (D:3)
  Natasha (D:2)
  An orc wizard (D:3)
  2 dart slugs
  3 orcs (D:3)
  6 ball pythons
  6 bats
  4 endoplasms
  2 giant cockroaches
  4 goblins
  2 hobgoblins
  3 kobolds
  2 quokkas (D:1)
  4 frilled lizards
  3 rats
44 creatures vanquished.

Notes
Turn   | Place    | Note
-------+----------+-------------------------------------------
     0 | D:1      | qw the Deep Elf Hunter began the quest for the Orb.
     0 | D:1      | Reached XP level 1. HP: 12/12 MP: 3/3
     0 | D:1      | 0 ||| qw: Version: 0.3-a-9-g12657ce
     0 | D:1      | 0 ||| qw: Game counter: 3447
     0 | D:1      | 0 ||| qw: Always use a shield: true
     0 | D:1      | 0 ||| qw: God list: Okawaru
     0 | D:1      | 0 ||| qw: Allow faded altars: false
     0 | D:1      | 0 ||| qw: Do Orc after D:15 true
     0 | D:1      | 0 ||| qw: Do second Lair branch before Depths: true
     0 | D:1      | 0 ||| qw: Lair rune preference: random
     0 | D:1      | 0 ||| qw: Plans: Normal
     0 | D:1      | 0 ||| PLANNING D:1-11
   241 | D:1      | Reached XP level 2. HP: 16/16 MP: 4/4
   246 | D:1      | Found a faded altar of an unknown god.
   248 | D:1      | Reached skill level 6 in Ranged Weapons
   540 | D:1      | 540 ||| READING scroll labelled BYCKOSM MOAX.
   541 | D:1      | 541 ||| DRINKING 3 fuming amethyst potions.
   542 | D:1      | 542 ||| DROPPING scroll of butterflies.
   612 | D:2      | Identified the ring of Ustruh {rN+ MP+9}
  1005 | D:2      | Reached XP level 3. HP: 20/20 MP: 5/5
  1010 | D:2      | Noticed Natasha
  1013 | D:2      | Killed Natasha
  1014 | D:2      | Reached skill level 7 in Ranged Weapons
  1293 | D:2      | 1293 ||| UPGRADING to +0 scale mail.
  1303 | D:2      | 1303 ||| DROPPING +0 leather armour.
  1304 | D:2      | 1304 ||| UPGRADING to ring of Ustruh {rN+ MP+9}.
  1369 | D:2      | 1369 ||| UPGRADING to +6 ring of strength.
  1370 | D:2      | 1370 ||| UPGRADING to ring of protection from fire.
  1372 | D:2      | 1372 ||| READING scroll labelled HOCEGU IRUJIU.
  1373 | D:2      | 1373 ||| READING scroll labelled VETSAKL YVOC.
  1374 | D:2      | 1374 ||| DRINKING 2 smoky ruby potions.
  1374 | D:2      | Gained mutation: You possess an exceptional clarity of
                  | mind. [potion of mutation]
  1374 | D:2      | Gained mutation: Your magical capacity is low. (-10% MP)
                  | [potion of mutation]
  1374 | D:2      | Gained mutation: Your spells are a little easier to cast,
                  | but a little less powerful. [potion of mutation]
  1375 | D:2      | 1375 ||| DRINKING 2 coppery potions.
  1480 | D:2      | 1480 ||| DROPPING potion of berserk rage.
  1686 | D:3      | Reached XP level 4. HP: 25/25 MP: 5/5
  1702 | D:3      | Reached skill level 8 in Ranged Weapons
  1897 | D:3      | Noticed an ogre
  1902 | D:3      | Slain by an ogre

Levels and vault maps discovered:
D:1:      matt_arrival_grand_opening, layout_basic,
          hellmonk_ecumenical_altar_arch_garden, minmay_unequal
D:2:      layout_basic, grunt_ministairs_3, uniq_natasha
D:3:      layout_basic, serial_shops, shop, minmay_misc_feat_tiny

Skill      XL: |  1  2  3  4 |
---------------+-------------+-----
Ranged Weapons | 6 7 8 |  8.2
Fighting       | |  1.5
Dodging        | |  2.4
Stealth        | |  1.2

Action                     |  1- 3 |  4- 6 || total
---------------------------+-------+-------++-------
   Fire: Shortbow          |    88 |    33 ||   121
    Use: Scroll            |     3 |       ||     3
         Potion            |     3 |       ||     3
 Armour: Leather armour    |     2 |       ||     2
         Scale mail        |     2 |     8 ||    10
  Dodge: Dodged            |    12 |    11 ||    23

Table legend:
 A = Non-vault XP
 B = Vault XP
 C = Vault XP percentage of total XP
 D = Non-vault monster count
 E = Vault monster count
 F = Vault count percentage of total count
                 A         B        C        D         E       F
            +---------+---------+-------+---------+---------+-------
      Total |     139 |      42 |  23.2 |      39 |       5 |  11.4
            +---------+---------+-------+---------+---------+-------
        D:1 |      24 |       5 |  17.2 |      13 |       3 |  18.8
        D:2 |      19 |      37 |  66.1 |      12 |       2 |  14.3
        D:3 |      96 |       0 |   0.0 |      14 |       0 |   0.0
            +---------+---------+-------+---------+---------+-------
